 Dungeon Crawl Stone Soup version 0.19-a0-2-g57af7d0 (console) character file.

1353 swinepaste the Shield-Bearer (level 8, -2/37 HPs)
             Began as a Spriggan Warper on Apr 27, 2016.
             Slain by a wyvern zombie (5 damage)
             ... in an ossuary.
             The game lasted 00:28:53 (7380 turns).

swinepaste the Shield-Bearer (Spriggan Warper)      Turns: 7380, Time: 00:28:53

Health: -2/37      AC:  4    Str:  7    XL:     8   Next: 37%
Magic:  6/14       EV: 18    Int: 19    God:
Gold:   232        SH:  9    Dex: 13    Spells: 4 memorised, 6 levels left

rFire  + . .     SeeInvis +     a - +6 whip {venom, MR+ Int+3 Dex-3}
rCold  . . .     Gourm    .     E - +0 robe
rNeg   . . .     Faith    .     y - +2 buckler
rPois  .         Spirit   .     (helmet restricted)
rElec  .         Dismiss  .     (no cloak)
rCorr  +         Reflect  .     (gloves unavailable)
SustAt .         Harm     .     (boots unavailable)
MR     ++...                    (no amulet)
Stlth  +.........               F - ring of resist corrosion
                                h - ring of wizardry

@: very slightly contaminated, very quick, very resistant to hostile
enchantments, very unstealthy
A: unfitting armour, yellow scales 1, see invisible, fire resistance 1,
herbivore 3, speed 3, slow metabolism 2
a: no special abilities


You were in an ossuary.
You were not hungry.

You visited 1 branch of the dungeon, and saw 5 of its levels.
You also visited: Ossuary.

You collected 293 gold pieces.
You spent 33 gold pieces at shops.

Inventory:

Hand Weapons
 a - the +6 whip "Oshel" (weapon) {venom, MR+ Int+3 Dex-3}
   (You found it on level 4 of the Dungeon)

   It poisons the flesh of those it strikes.
   It affects your intelligence (+3).
   It affects your dexterity (-3).
   It affects your resistance to hostile enchantments.
 b - a +1 dagger of venom
 A - a +0 short sword
Missiles
 e - a tomahawk of dispersal
 l - 11 tomahawks (quivered)
 n - 5 curare-tipped needles
 o - 25 poisoned needles
 r - 5 needles of sleeping
Armour
 y - a +2 buckler (worn)
 E - a +0 robe (worn)
 H - a +1 robe of magic resistance
Jewellery
 h - a ring of wizardry (left hand)
 t - a +2 ring of strength
 x - an uncursed ring of sustain attributes
 F - a ring of resist corrosion (right hand)
Wands
 C - a wand of lightning (0/15)
Scrolls
 g - 2 scrolls of fog
 i - 2 scrolls of remove curse
 j - a scroll of amnesia
 k - 2 scrolls of identify
 v - 3 scrolls of magic mapping
Potions
 B - a potion of magic
Books
 c - a book of Spatial Translocations

   Spells                             Type                      Level
   a - Apportation                    Translocation                1
   b - Blink                          Translocation                2
   c - Shroud of Golubria             Charms/Translocation         2
   d - Portal Projectile              Translocation                3
   e - Teleport Other                 Translocation                3
   f - Passage of Golubria            Translocation                4
Comestibles
 f - a bread ration


   Skills:
 - Level 1.5 Fighting
 - Level 4.8 Short Blades
 - Level 1.0 Throwing
 - Level 3.5 Dodging
 + Level 6.8 Shields
 - Level 3.5 Spellcasting
 - Level 5.2 Translocations


You had 6 spell levels left.
You knew the following spells:

 Your Spells              Type           Power        Failure   Level  Hunger
a - Apportation           Tloc           ###.......   1%          1    None
b - Blink                 Tloc           N/A          1%          2    ##.....
g - Shroud of Golubria    Chrm/Tloc      ##........   4%          2    ##.....
T - Teleport Other        Tloc           ###.....     2%          3    ###....


Dungeon Overview and Level Annotations

Branches:
Dungeon (5/15)
 Temple: D:4-7

Altars:
Cheibriados
Dithmenos
Elyvilon
Okawaru
Pakellas
Trog
Zin
The Shining One

Shops:
D:5 !*!


Innate Abilities, Weirdness & Mutations

You are tiny and cannot use many weapons and most armour.
You have supernaturally acute eyesight.
You are a herbivore.
You cover ground extremely quickly.
You need consume almost no food.
You are partially covered in yellow scales (AC +2).
Your flesh is heat resistant.


Message History

Okay, then.
Unknown command.
Read which item? (? for menu, Esc to quit)
Okay, then.
Read which item? (? for menu, Esc to quit)
As you read the scroll labeled FUKEYT LOMIOGADIV, it crumbles to dust.
You hear a loud clanging noise!
It was a scroll of noise.
Drink which item? (? for menu, Esc to quit)
Okay, then.
Drink which item? (? for menu, Esc to quit)
Okay, then.
Evoke which item? (* to show all) (? for menu, Esc to quit)
Okay, then.
Read which item? (? for menu, Esc to quit)
Identify which item? (\ to view known items) (? for menu, Esc to quit)
As you read the scroll of identify, it crumbles to dust.
x - an uncursed ring of sustain attributes The wyvern zombie bites you.
You die...

##.#.#.#.#.#.#.#
≈###≈≈≈.#'#'#'#'#'###
≈≈≈P.n≈÷.M..ZZ....'.#
##≈§#≈##'##†##'##.###
###.≈≈#...#.#...#Z'.#
≈≈###Z#.Π.###...#.###
#≈≈.'≈#..Π# #...#.'.#
#≈§##.#####'#####Z###
#≈≈.≈n.≈≈.≈..≈..i.'.#
≈≈≈≈≈≈#####'#####.###
≈≈≈...# #.+ #≈≈≈#≈#
#.# ###.'≈# #.+ ≈≈#.#
#.# .≈ ..+ '#


You could see a quokka zombie and a wyvern zombie.

Vanquished Creatures
  Sigmund (D:5)
  Menkaure (D:5)
  A centaur (D:5)
  An ogre (D:5)
  A scorpion (D:5)
  A howler monkey (D:3)
  A jelly (D:5)
  A crimson imp (D:5)
  3 bog bodies (Ossuary)
  A centaur zombie (Ossuary)
  3 giant frog zombies (Ossuary)
  3 orc wizards
  2 worker ants
  A killer bee zombie (Ossuary)
  6 mummies
  8 gnolls
  7 adders
  An ooze (D:3)
  An adder zombie (Ossuary)
  4 worms
  6 dart slugs
  2 giant geckos
  19 orcs
  4 giant cockroaches
  9 goblins
  6 hobgoblins
  8 jackals
  2 quokkas (D:3)
  2 ball pythons
  5 bats
  4 giant newts
  A goblin zombie (D:5)
  10 kobolds
  A kobold zombie (D:5)
  5 rats
132 creatures vanquished.

Vanquished Creatures (others)
  A sphinx (D:3)
  A quokka (D:3)
  6 withered plants (Ossuary)
8 creatures vanquished.

Grand Total: 140 creatures vanquished

Notes
Turn   | Place    | Note
--------------------------------------------------------------
     0 | D:1      | swinepaste the Spriggan Warper began the quest for the Orb.
     0 | D:1      | Reached XP level 1. HP: 10/10 MP: 5/5
    21 | D:1      | You fall through a shaft!
   481 | D:1      | Gained mutation: You are partially covered in yellow scales (AC +2). [potion of mutation]
   481 | D:1      | Gained mutation: Your flesh is heat resistant. [potion of mutation]
   663 | D:1      | Reached XP level 2. HP: 14/14 MP: 6/6
   668 | D:1      | Learned a level 2 spell: Blink
  1386 | D:2      | Found a white marble altar of Elyvilon.
  1411 | D:2      | Found a shadowy altar of Dithmenos.
  1511 | D:2      | Reached XP level 3. HP: 18/18 MP: 8/8
  1610 | D:2      | Learned a level 3 spell: Teleport Other
  2851 | D:2      | Found an iron altar of Okawaru.
  3027 | D:3      | Reached XP level 4. HP: 21/22 MP: 9/9
  3187 | D:2      | Learned a level 2 spell: Shroud of Golubria
  3460 | D:3      | Reached skill level 5 in Translocations
  3672 | D:3      | Found an oddly glowing altar of Pakellas.
  3673 | D:3      | Noticed a sphinx
  3684 | D:3      | Killed a sphinx
  3838 | D:3      | Reached XP level 5. HP: 21/25 MP: 9/11
  4498 | D:3      | Reached skill level 1 in Shields
  5024 | D:3      | Reached skill level 2 in Shields
  5601 | D:3      | Reached XP level 6. HP: 30/30 MP: 12/12
  6338 | D:4      | Got a translucent whip
  6339 | D:4      | Identified the +6 whip "Oshel" {venom, MR+ Int+3 Dex-3} (You found it on level 4 of the Dungeon)
  6348 | D:4      | Found an iron altar of Okawaru.
  6374 | D:4      | Found a glowing silver altar of Zin.
  6390 | D:4      | Reached skill level 3 in Shields
  6499 | D:4      | Found a bloodstained altar of Trog.
  6595 | D:4      | Found a glowing golden altar of the Shining One.
  6636 | D:5      | Entered Level 5 of the Dungeon
  6636 | D:5      | Noticed Menkaure
  6640 | D:5      | Killed Menkaure
  6640 | D:5      | Reached skill level 4 in Shields
  6640 | D:5      | Reached XP level 7. HP: 33/33 MP: 13/13
  6862 | D:5      | Found a snail-covered altar of Cheibriados.
  6879 | D:5      | Found Betzot's Distillery.
  6892 | D:5      | Bought a potion of degeneration for 11 gold pieces
  6918 | D:5      | Reached skill level 5 in Shields
  6952 | D:5      | Found Figu's Distillery.
  6953 | D:5      | Noticed Sigmund
  6970 | D:5      | Killed Sigmund
  6970 | D:5      | Reached XP level 8. HP: 28/37 MP: 14/14
  6995 | D:5      | Found Xipn's Assorted Antiques.
  7003 | D:5      | Bought a glowing robe for 22 gold pieces
  7031 | D:5      | Found a sand-covered staircase.
  7039 | Ossuary  | Entered an ossuary
  7125 | Ossuary  | Reached skill level 6 in Shields
  7357 | Ossuary  | HP: 1/37 [giant frog zombie (7)]
  7380 | Ossuary  | Slain by a wyvern zombie

Vault maps used:
D:1:      eino_arrival_tree_alley
D:2:      elyvilon_altar_5, nicolae_dithmenos_through_a_glass_darkly,
          first_bread, serial_co_window_serial, co_window_corner_a,
          co_window_of_opportunity_a, co_window_paths_b,
          co_window_of_opportunity_a, co_window_paths_a, co_window_corner_b,
          co_window_corner_cb, co_window_corner_b, co_window_corner_cb,
          co_window_corner_cb, co_window_broadway_c, co_window_paths_e,
          glass_columns_c, glass_columns_c, glass_columns_b,
          okawaru_altar_gauntlet_db
D:3:      gammafunk_pakellas_spire_experiment
D:4:      zin_academy, lemuel_doored_altar, kennysheep_mini_moat,
          kennysheep_little_box, minivault_5, kennysheep_generic_room_3
D:5:      tgw_fedhas, lemuel_zombie_altar_kikubaaqudgha,
          nicolae_ossuary_entry_giza, serial_shops, kennysheep_mini, shop,
          nicolae_shop_window_shopping, shop, shop, kennysheep_slug_shrine,
          uniq_sigmund, uniq_menkaure
Ossuary:  ossuary_zaba_flooded

Skill      XL: |  1  2  3  4  5  6  7  8 |
---------------+-------------------------+-----
Short Blades   | 3 4 |  4.8
Spellcasting   | 3 |  3.5
Translocations | 5 |  5.2
Shields        | 2 4 5 6 |  6.8
Fighting       | |  1.5
Throwing       | |  1.0
Dodging        | |  3.5

Action                   |  1- 3 |  4- 6 |  7- 9 || total
-------------------------+-------+-------+-------++-------
Melee: Short sword       |   145 |   257 |       ||   402
       Dagger            |       |    48 |       ||    48
       Whip              |       |    17 |   151 ||   168
Throw: Tomahawk          |    33 |    16 |       ||    49
 Cast: Shroud of Golubri |       |    26 |     6 ||    32
       Teleport Other    |       |     1 |     1 ||     2
       Blink             |       |       |     8 ||     8
Evoke: Wand              |       |     2 |     1 ||     3
       Deck              |       |     1 |     7 ||     8
  Use: Potion            |     2 |       |     8 ||    10
       Scroll            |       |     7 |     4 ||    11
 Stab: Sleeping          |     4 |     1 |       ||     5
       Distracted        |     1 |       |       ||     1
       Confused          |       |       |     1 ||     1
  Eat: Pizza             |       |     2 |       ||     2
       Bread ration      |       |     1 |       ||     1
Armor: Robe              |    20 |    26 |    11 ||    57
       Skin              |       |       |     8 ||     8
Dodge: Dodged            |   112 |   232 |    96 ||   440
Block: Buckler           |       |    61 |    74 ||   135
